 Dungeon Crawl Stone Soup version 0.19.0-11-g3fc08b3 (webtiles) character file.

46 benbatman the Slasher (level 3, -6/24 HPs)
             Began as a Halfling Skald on Nov 9, 2016.
             Mangled by Sigmund
             ... wielding a +2 scythe of venom
              (9 damage)
             ... on level 3 of the Dungeon.
             The game lasted 00:03:38 (1108 turns).

benbatman the Slasher (Halfling Skald)              Turns: 1108, Time: 00:03:39

Health: -6/24      AC:  4    Str: 13    XL:     3   Next: 95%
Magic:  5/5        EV: 14    Int: 10    God:
Gold:   67         SH:  0    Dex: 14    Spells: 2 memorised, 2 levels left

rFire  . . .     SeeInvis .     e - +0 dagger (venom)
rCold  . . .     Gourm    .     b - +0 leather armour
rNeg   . . .     Faith    .     (shield restricted)
rPois  .         Spirit   .     (no helmet)
rElec  .         Reflect  .     q - +0 cloak (curse)
rCorr  .         Harm     .     (no gloves)
MR     .....                    (no boots)
Stlth  +.........               (no amulet)
                                (no ring)
                                (no ring)

@: confused, lethally poisoned (-6 -> -11)
A: mutation resistance 1
a: no special abilities


You were on level 3 of the Dungeon.
You were not hungry.

You visited 1 branch of the dungeon, and saw 3 of its levels.

You collected 67 gold pieces.

Inventory:

Hand Weapons
 a - a +0 falchion
 e - a +0 dagger of venom (weapon)
 h - a +0 dagger of draining
Armour
 b - a +0 leather armour (worn)
 n - a +0 buckler
 q - a cursed +0 cloak (worn)
Scrolls
 g - a scroll of recharging {unknown}
 l - a scroll of noise {unknown}
 m - a scroll of identify {unknown}
Potions
 f - a potion of cancellation {unknown}
 i - a potion of agility {unknown}
 j - a potion of haste {unknown}
 k - a potion of curing {unknown}
 p - a potion of brilliance {unknown}
Books
 c - a book of Battle

   Spells                             Type                      Level
   a - Infusion                       Charms                       1
   b - Shroud of Golubria             Charms/Translocation         2
   c - Song of Slaying                Charms                       2
   d - Spectral Weapon                Hexes/Charms                 3
   e - Regeneration                   Charms/Necromancy            3
Comestibles
 d - 2 bread rations
 o - 8 fruits


   Skills:
 - Level 1.7 Fighting
 * Level 3.7 Long Blades
 - Level 1.1 Armour
 + Level 1.7 Dodging
 - Level 1.5 Spellcasting
 - Level 3.2 Charms


You had 2 spell levels left.
You knew the following spells:

 Your Spells              Type           Power        Failure   Level  Hunger
a - Infusion              Chrm           #...         12%         1    ##.....
b - Song of Slaying       Chrm           #.......     17%         2    ###....


Dungeon Overview and Level Annotations

Branches:
Dungeon (3/15)

Altars:
Qazlal

Annotations:
D:2 Sigmund


Innate Abilities, Weirdness & Mutations

You are small and have problems with some larger weapons.
You are somewhat resistant to further mutation.


Message History

Found a scroll labeled KOL ZUEFFEUSI.
You feel sick.
You see here a scroll labeled SEH TYLENGUIVAV.
Something hits you!
* * * LOW HITPOINT WARNING * * *
You are lethally poisoned!
There is an escape hatch in the floor, spattered with blood here.
* * * LOW HITPOINT WARNING * * *
You feel sick.
You slide downwards.
The hatch slams shut behind you.
Found a beef jerky.
Unknown command.
* * * LOW HITPOINT WARNING * * *
You feel sick.
You hear some strange, mumbled words.
You are confused.
You hear some strange, mumbled words.
You are more confused.
Something hits you!
You die...

###### #
###....#.#
#....@...#
#.#{##%#.#
#. #.# #
#. #.# #.
#.# #. #.#
#. #.# #.
#.#


There were no monsters in sight!

Vanquished Creatures
  An adder (D:2)
  2 dart slugs
  A leopard gecko (D:1)
  A giant cockroach (D:1)
  3 goblins (D:1)
  3 hobgoblins
  7 jackals (D:1)
  2 bats
  2 frilled lizards
  5 kobolds
  2 rats
29 creatures vanquished.

Notes
Turn   | Place    | Note
-------+----------+-------------------------------------------
     0 | D:1      | benbatman the Halfling Skald began the quest for the Orb.
     0 | D:1      | Reached XP level 1. HP: 14/14 MP: 3/3
    30 | D:1      | Reached XP level 2. HP: 11/19 MP: 1/4
   475 | D:1      | Learned a level 2 spell: Song of Slaying
   544 | D:1      | Reached XP level 3. HP: 24/24 MP: 5/5
   949 | D:2      | Found a stormy altar of Qazlal.
  1028 | D:2      | Noticed Sigmund
  1108 | D:3      | Mangled by Sigmund

Skill      XL: |  1  2 |
---------------+-------+-----
Long Blades    | 3 |  3.7
Fighting       | |  1.7
Armour         | |  1.1
Dodging        | |  1.7
Spellcasting   | |  1.5
Charms         | |  3.2

Action                   || total
-------------------------++-------
Melee: Falchion          ||    36
       Dagger            ||    63
 Cast: Infusion          ||     2
  Eat: Chunk             ||     1
Armor: Leather armour    ||    17
Dodge: Dodged            ||    91
       Rpst.: Falchion   ||    15
